 Dungeon Crawl Stone Soup version 0.27.0-1-g7a089689b8 (webtiles) character file.

Game seed: 3101366274337256209

506 SnakkuSnakku7 the Jinx (level 6, -6/44 HPs)
             Began as a Vampire Hunter on Aug 6, 2021.
             Mangled by a wyvern (18 damage)
             ... on level 5 of the Dungeon.
             The game lasted 00:06:07 (4060 turns).

SnakkuSnakku7 the Jinx (Vampire Hunter)             Turns: 4060, Time: 00:06:07

Health: -6/44      AC:  4    Str: 11    XL:     6   Next: 97%
Magic:  3/6        EV: 12    Int: 16    God:
Gold:   246        SH:  0    Dex: 14    Spells: 2/5 levels left

rFire    . . .     SeeInvis +   b - +1 dagger (venom)
rCold    . . .     Faith    .   (no shield)
rNeg     . . .     Spirit   .   s - +0 robe {Archmagi}
rPois    .         Reflect  .   g - +0 helmet
rElec    .         Harm     .   o - +0 cloak
rCorr    .         Rampage  .   (no gloves)
Will     .....     Archmagi +   (no boots)
Stlth    ++........             (no amulet)
HPRegen  0.34/turn              (no ring)
MPRegen  0.10/turn              (no ring)

@: healing quickly
A: alive, fangs 3, see invisible, vampiric 2
a: Exsanguinate


You were on level 5 of the Dungeon.
You visited 1 branch of the dungeon, and saw 5 of its levels.

You collected 246 gold pieces.

Inventory:

Hand Weapons
 a - a +1 hand crossbow
 b - a +1 dagger of venom (weapon)
Missiles
 d - 19 bolts
Armour
 c - a +0 leather armour
 g - a +0 helmet (worn)
 o - a +0 cloak (worn)
 s - a +0 robe of the Archmagi (worn)
Jewellery
 j - a +6 ring of intelligence
 v - a ring of magical power
Wands
 A - a wand of mindburst (11)
Scrolls
 e - 2 scrolls of teleportation
 f - a scroll of identify {unknown}
 l - a scroll of acquirement {unknown}
 m - a scroll of magic mapping {unknown}
 r - a scroll of immolation {unknown}
 t - 2 scrolls of enchant weapon
 u - a scroll of enchant armour {unknown}
 w - a scroll of blinking {unknown}
 y - a scroll of fear {unknown}
Potions
 h - a potion of attraction {unknown}
 i - 2 potions of invisibility {unknown}
 k - 3 potions of curing {unknown}
 n - a potion of lignification {unknown}
 p - 2 potions of might {unknown}
 q - 3 potions of heal wounds {unknown}
 x - a potion of brilliance {unknown}
 z - a potion of ambrosia {unknown}


   Skills:
 - Level 1.7 Fighting
 - Level 4.1 Crossbows
 - Level 2.1 Dodging
 - Level 1.5 Stealth
 + Level 9.4 Hexes


You had 2 spell levels left.
You knew the following spells:

 Your Spells              Type           Power      Damage    Failure   Level
a - Confusing Touch       Hex            45%        N/A       1%          3

Your spell library contained the following spells:

 Spells                   Type           Power      Damage    Failure   Level
 Slow                     Hex            45%        N/A       1%          2
 Vampiric Draining        Necr           0%         2d6       58%         3
 Yara's Violent Unravell  Hex/Tmut       11%        3d6       71%         5


Dungeon Overview and Level Annotations

Branches:
Dungeon (5/15)
 Temple: D:4-7

Altars:
Zin

Annotations:
D:3 2 transporters, SweetAndFullOfGrace's ghost, amateur MiBe
D:5 2 transporters, nxtlvl's ghost, amateur HuGl


Innate Abilities, Weirdness & Mutations

Your natural rate of healing is accelerated.
You have razor-sharp teeth.
You have supernaturally acute eyesight. (SInv)
You are afflicted with vampirism and can become a bat while bloodless.


Message History

Press: ? - help, v - describe, . - travel, g - get item Item here: a glowing dagger.
The floor.
Nxtlvl's ghost turns its malevolent gaze towards you.
There is a transporter here.
Nxtlvl's ghost says, "Your head on a pike would complement this floor nicely."
Key pressed, stopping explore.
Found a leather armour.
Found a stone staircase leading up.
A black bear and a wyvern come into view.
There are monsters nearby!
Casting: Confusing Touch (safe; 1% risk of failure)
Confirm with . or Enter, or press ? or * to list all spells.
You don't know that spell.
Unknown command.
Casting: Confusing Touch (safe; 1% risk of failure)
Confirm with . or Enter, or press ? or * to list all spells.
You feel a surge of power!
Your hands begin to glow red.
The wyvern bites you!
You hit the wyvern but do no damage.
The wyvern appears confused.
You strike the helpless wyvern from behind!
You hit the wyvern.
The wyvern is poisoned.
The wyvern is lightly wounded.
The wyvern misses you.
You hit the wyvern but do no damage.
The wyvern looks as sick as possible!
The wyvern is lightly wounded.
The wyvern bites you. The wyvern completely misses you.
You hit the wyvern but do no damage.
The wyvern is moderately wounded.
The wyvern barely misses you. The wyvern bites you!!
* * * LOW HITPOINT WARNING * * *
You are too injured to fight recklessly!
You are too injured to fight recklessly!
You hit the wyvern but do no damage.
The wyvern looks as sick as possible!
The wyvern is moderately wounded.
The wyvern bites you but does no damage.
You hit the wyvern but do no damage.
The wyvern is moderately wounded.
The wyvern bites you!!
You die...

#.....###............##
#.....................#
##.............#######..#
##....###......## #..#
####....## ##...### ##..
........ #...###### ##..
.......# ##........#####...
.......## ##.................
........###.@....######......
.........#..l##### #####..
.............# ##.
..............# #.
...............# #.
...............<# #.
h.............[..# ##.
...........#....... #..
..........###...... ####..


You could see a wyvern (confused, extremely poisoned).

Vanquished Creatures
  A water moccasin (D:5)
  A necrophage (D:4)
  2 scorpions (D:4)
  Crazy Yiuf (D:2)
  An iguana (D:5)
  A hound skeleton (D:4)
  2 adders
  A white imp (D:4)
  An adder skeleton (D:5)
  3 worms (D:2)
  3 dart slugs
  7 orcs
  4 ball pythons
  10 endoplasms
  4 giant cockroaches
  6 goblins
  11 hobgoblins
  4 jackals
  8 kobolds
  A quokka (D:2)
  4 bats (D:2)
  7 frilled lizards
  A jackal skeleton (D:4)
  6 rats
90 creatures vanquished.

Vanquished Creatures (others)
  A fungus (D:2)
  5 plants (D:3)
6 creatures vanquished.

Grand Total: 96 creatures vanquished

Notes
Turn   | Place    | Note
-------+----------+-------------------------------------------
     0 | D:1      | SnakkuSnakku7 the Vampire Hunter began the quest for the
                  | Orb.
     0 | D:1      | Reached XP level 1. HP: 16/16 MP: 1/1
   130 | D:1      | Reached XP level 2. HP: 22/22 MP: 2/2
   354 | D:1      | Gained mutation: You are afflicted with vampirism and can
                  | become a bat while bloodless. [Vampire growth]
   354 | D:1      | Reached XP level 3. HP: 27/27 MP: 3/3
   536 | D:1      | Reached skill level 1 in Hexes
   863 | D:2      | Reached skill level 2 in Hexes
  1028 | D:2      | Reached skill level 3 in Hexes
  1189 | D:2      | Reached XP level 4. HP: 32/32 MP: 4/4
  1287 | D:2      | Learned a level 3 spell: Confusing Touch
  1518 | D:2      | Found a runed translucent door.
  1519 | D:2      | Noticed Crazy Yiuf
  1595 | D:2      | Killed Crazy Yiuf
  1596 | D:2      | Reached skill level 4 in Hexes
  1826 | D:3      | Found a faded altar of an unknown god.
  1889 | D:3      | Reached skill level 5 in Hexes
  1959 | D:3      | Found a transporter.
  1999 | D:3      | Found a transporter.
  2189 | D:3      | Noticed SweetAndFullOfGrace's ghost (amateur MiBe)
  2460 | D:4      | Reached XP level 5. HP: 34/38 MP: 5/5
  2501 | D:4      | Reached skill level 6 in Hexes
  2507 | D:4      | Reached skill level 7 in Hexes
  2518 | D:4      | Reached XP level 6. HP: 23/44 MP: 2/6
  3000 | D:4      | Reached skill level 8 in Hexes
  3022 | D:5      | Entered Level 5 of the Dungeon
  3240 | D:5      | Found a transporter.
  3330 | D:5      | Noticed a water moccasin
  3347 | D:5      | Killed a water moccasin
  3348 | D:5      | Reached skill level 9 in Hexes
  3363 | D:5      | Noticed a steam dragon
  3689 | D:5      | Found a transporter.
  3692 | D:5      | Noticed nxtlvl's ghost (amateur HuGl)
  4046 | D:5      | Noticed a wyvern
  4060 | D:5      | Mangled by a wyvern

Illustrated notes

Levels and vault maps discovered:
D:1:      minmay_arrival_four_circles, layout_basic
D:2:      layout_basic, uniq_crazy_yiuf_cottage
D:3:      layout_rooms, hellmonk_ecumenical_altar_lost_god,
          gammafunk_ghost_gnarly_gnolls, minmay_misc_feat_roman,
          amcnicky_mini_pool_small
D:4:      layout_basic, serial_corexii_hall, corexii_hall_statues_i,
          chequers_hall_statues_corner_a, corexii_hall_statues_x
D:5:      layout_layer_cave, zin_academy, gammafunk_ghost_arena

Skill      XL: |  1  2  3  4  5  6 |
---------------+-------------------+-----
Crossbows      | 4 |  4.1
Hexes          | 3 5 7 9 |  9.4
Fighting       | |  1.7
Dodging        | |  2.1
Stealth        | |  1.5

Action                   |  1- 3 |  4- 6 || total
-------------------------+-------+-------++-------
Melee: Short sword       |    41 |       ||    41
       Dagger            |    92 |   195 ||   287
       Bite              |    13 |    24 ||    37
 Fire: Hand crossbow     |     8 |       ||     8
 Cast: Confusing Touch   |       |     5 ||     5
  Use: Scroll            |       |     2 ||     2
 Stab: Sleeping          |     5 |     5 ||    10
       Confused          |       |     7 ||     7
Armor: Leather armour    |    50 |     2 ||    52
       Robe              |       |    23 ||    23
Dodge: Dodged            |   105 |    87 ||   192
